 Dungeon Crawl Stone Soup version 0.29.1-15-g9cfb28693d (webtiles) character file.

Game seed: 14013594658317398517

226 Peloso the Slasher (level 5, 0/47 HPs)
             Began as a Minotaur Fighter on Feb 28, 2023.
             Slain by a goblin
             ... wielding a +0 club
              (4 damage)
             ... on level 4 of the Dungeon.
             The game lasted 00:03:44 (2715 turns).

Peloso the Slasher (Minotaur Fighter)               Turns: 2715, Time: 00:03:44

Health: 0/47       AC:  8    Str: 26    XL:     5   Next: 69%
Magic:  4/4        EV: 10    Int:  5    God:
Gold:   130        SH:  5    Dex: 12    Spells: 4/4 levels left

rFire   . . .      SeeInvis .   a - +0 long sword
rCold   . . .      Faith    .   d - +0 buckler
rNeg    . . .      Spirit   .   b - +0 scale mail
rPois   .          Reflect  .   (helmet restricted)
rElec   .          Harm     .   (no cloak)
rCorr   .          Rampage  .   c - +0 pair of gloves
Will    .....                   (no boots)
Stlth   ..........              (no amulet)
HPRegen 0.15/turn               e - +6 ring of strength
MPRegen 0.09/turn               (no ring)

@: no status effects
A: horns 2, retaliatory headbutt
a: no special abilities


You were on level 4 of the Dungeon.
You visited 1 branch of the dungeon, and saw 4 of its levels.

You collected 130 gold pieces.

Inventory:

Hand Weapons
 a - a +0 long sword (weapon)
Armour
 b - a +0 scale mail (worn)
 c - a +0 pair of gloves (worn)
 d - a +0 buckler (worn)
Jewellery
 e - a +6 ring of strength (left hand)
 g - the ring of Conversion {Fire Dex+2}
   (You found it on level 3 of the Dungeon)

   [ring of fire]

   It enhances your fire magic.
   Dex:       It affects your dexterity (+2).
   rF:        It protects you from fire.
   rC:        It makes you vulnerable to cold.
Scrolls
 l - a scroll of brand weapon {unknown}
 m - a scroll of poison {unknown}
 n - a scroll of identify {unknown}
 o - a scroll of fog {unknown}
Potions
 f - 5 potions of curing {unknown}
 h - a potion of might
 i - 2 potions of magic {unknown}
 j - a potion of ambrosia {unknown}
 k - 2 potions of degeneration {unknown}


   Skills:
 + Level 4.5 Fighting
 + Level 5.0 Long Blades
 + Level 4.7 Armour
 + Level 0.9 Dodging
 + Level 4.6 Shields


You had 4 spell levels left.
You didn't know any spells.
Your spell library contained the following spells:

 Spells                   Type           Power      Damage    Failure   Level
 Gell's Gravitas          Tloc           0%         N/A       99%         3
 Teleport Other           Tloc           0%         N/A       99%         3
 Dispersal                Tloc           0%         N/A       100%        6


Dungeon Overview and Level Annotations

Branches:
Dungeon (4/15)
 Temple: D:4-7

Altars:

Annotations:
D:3 1 runed translucent door, Silencio's ghost, amateur DsAK
D:4 Sigmund


Innate Abilities, Weirdness & Mutations

You have a pair of horns on your head.
You reflexively headbutt those who attack you in melee.


Message History

Sigmund mumbles some strange words.
Sigmund flickers and vanishes!
Deactivating autopickup; reactivate with Ctrl-A.
You closely miss something.
The howler monkey hoots and howls with incredible vigour!
Something hits you!
You hear a shout!
You hear an angry hiss.
You closely miss something. Your headbutt misses something.
You block something's attack.
You barely miss something. Your headbutt misses something.
A goblin comes into view. It is wielding a +0 club.
You barely miss something. Something hits you! The howler monkey hits you.
You slash something! Your headbutt misses something. Something hits you!
The howler monkey hits you but does no damage.
You barely miss something. The howler monkey hits you.
A goblin comes into view. It is wielding a +0 dagger. x2
Something hits you.
* * * LOW HITPOINT WARNING * * *
The howler monkey closely misses you.
You miss something.
The howler monkey hits you but does no damage.
Something hits you but does no damage.
You hit something. You headbutt something.
The howler monkey hoots and howls with incredible vigour!
You hear a shout! x2
Unknown command.
The howler monkey attacks as you move away!
The howler monkey hits you but does no damage.
Something hits you.
* * * LOW HITPOINT WARNING * * *
The howler monkey hits you but does no damage.
The howler monkey attacks as you move away!
The howler monkey hits you.
* * * LOW HITPOINT WARNING * * *
The goblin attacks as you move away! The goblin hits you with a +0 club.
* * * LOW HITPOINT WARNING * * *
An adder comes into view.
The goblin attacks as you move away! The goblin hits you but does no damage.
The goblin attacks as you move away! The goblin hits you with a +0 club.
You die...

#.#.#...........
.................
.................
#................ #...
#.........
###..#####g........
####........h.S.......
........##..#......... .
.######.....@gg####.......
. .....#......#### K###.##
.. #####...#....# .# # ..
#............## ..
..##.####........... ?.
.....###..######..... ...
...)..#..........###.. ...
......#..######### #
......<........


You could see a howler monkey, an adder and 3 goblins.

Vanquished Creatures
  A hound (D:4)
  An orc priest (D:1)
  An orc wizard (D:2)
  6 adders
  A worm (D:3)
  4 dart slugs
  5 orcs (D:2)
  5 ball pythons
  7 bats
  7 endoplasms
  A giant cockroach (D:3)
  7 goblins
  7 hobgoblins
  2 jackals (D:2)
  3 quokkas
  6 frilled lizards
  5 kobolds
  4 rats
73 creatures vanquished.

Notes
Turn   | Place    | Note
-------+----------+-------------------------------------------
     0 | D:1      | Peloso the Minotaur Fighter began the quest for the Orb.
     0 | D:1      | Reached XP level 1. HP: 19/19 MP: 0/0
    73 | D:1      | Found a faded altar of an unknown god.
   133 | D:1      | Reached XP level 2. HP: 27/27 MP: 1/1
   481 | D:1      | Reached XP level 3. HP: 33/33 MP: 2/2
   935 | D:2      | Reached skill level 3 in Long Blades
  1165 | D:1      | Reached XP level 4. HP: 16/40 MP: 3/3
  1377 | D:2      | Reached skill level 4 in Long Blades
  1710 | D:3      | Reached XP level 5. HP: 46/47 MP: 4/4
  1759 | D:3      | Identified the ring of Conversion {Fire Dex+2}
  2354 | D:3      | Found a runed translucent door.
  2354 | D:3      | Noticed Silencio's ghost (amateur DsAK)
  2661 | D:4      | Reached skill level 5 in Long Blades
  2691 | D:4      | Noticed Sigmund
  2715 | D:4      | Slain by a goblin

Illustrated notes

Levels and vault maps discovered:
D:1:      lemuel_arrival_rhombus, layout_loops_ring,
          ebering_ecumenical_altar_rust
D:2:      cheibrodos_pilgrimage, layout_rooms, chequers_serial_rivers_micro_b,
          minivault_4
D:3:      layout_loops_cross, ebering_ghost_inner_flame
D:4:      layout_rooms, chequers_serial_rivers_micro_b, uniq_sigmund

Skill      XL: |  1  2  3  4  5 |
---------------+----------------+-----
Shields        | 4 |  4.6
Fighting       | 4 |  4.5
Armour         | 4 |  4.7
Long Blades    | 3 4 5 |  5.0
Dodging        | |  0.9

Action                   |  1- 3 |  4- 6 || total
-------------------------+-------+-------++-------
Melee: Long sword        |    70 |    96 ||   166
       Headbutt          |     8 |    12 ||    20
  Use: Scroll            |       |     1 ||     1
Armor: Scale mail        |    39 |    41 ||    80
Dodge: Dodged            |    52 |    49 ||   101
Block: Buckler           |    13 |    21 ||    34
